Map: Pillars of Gold LE

Players

XenoDactyl - Winner!

  • Race: Protoss Protoss
  • League: Master
  • Spawn Location: 1:00

Osiris

  • Race: Terran Terran
  • League: Diamond
  • Spawn Location: 7:00

VOD

Have the link to the VOD?

Description

Time

  • Played on: Feb. 23, 2021, 8:26 p.m.
  • Length: 3:22
Show
View Real Time Build Order
Export as new Build Order

XenoDactyl Protoss - Winner!

Build Orders:  

Get SALT Encoding   

  12  0:01  Probe  
  13  0:13  Probe  
  14  0:20  Pylon  
  14  0:25  Probe  
  15  0:38  Gateway  
  15  0:40  Probe (Chrono Boost)  
  17  0:50  Probe (Chrono Boost)  
  17  0:53  Assimilator  
  17  0:54  Probe (Chrono Boost)  
  18  1:06  Probe  
  18  1:07  Pylon  
  19  1:18  Probe  
  20  1:25  Cybernetics Core  
  20  1:28  Gateway  
  20  1:35  Probe  
  21  1:53  Assimilator  
  21  2:05  Stalker (Chrono Boost)  
  23  2:19  Nexus  
  23  2:21  Stalker (Chrono Boost)  
  25  2:31  Pylon  
  25  2:40  Stalker  
  28  3:03  Assimilator  
Show
View Real Time Build Order
Export as new Build Order

Osiris Terran 

Build Orders:  

Get SALT Encoding   

  12  0:00  SCV  
  13  0:12  SCV  
  14  0:17  Supply Depot  
  14  0:25  SCV  
  15  0:39  SCV  
  15  0:41  Barracks  
  16  0:45  Refinery  
  16  0:51  SCV  
  17  1:03  SCV  
  18  1:15  SCV  
  19  1:28  Marine, Orbital Command  
  20  1:52  Command Center  
  20  1:54  Barracks Reactor  
  20  2:04  SCV, Supply Depot  
  21  2:16  Factory, SCV  
  22  2:30  Engineering Bay, Marine x2  
  22  2:35  SCV  
  24  2:55  Command Center  
  24  2:56  SCV  
  25  2:58  Marine  
Tags
 
Add a new tag
Caveats
  • Supply blocks, unpowered buildings, or Contaminate may cause inaccurate times.
  • Supply counts are checked every 10 seconds.